 Dungeon Crawl Stone Soup version 0.16.0-8-gd9ae3a8 (webtiles) character file.

8535 HungrySpirit the Fighter (level 11, -1/101 HPs)
             Began as a Minotaur Earth Elementalist on Mar 16, 2015.
             Was a High Priest of Okawaru.
             Slain by a white ugly thing (25 damage)
             ... on level 11 of the Dungeon.
             The game lasted 00:35:43 (12496 turns).

HungrySpirit the Fighter (MiEE)                    Turns: 12496, Time: 00:35:44

Health: -1/101     AC: 18    Str: 17    XL:     11   Next: 11%
Magic:  1/17       EV:  6    Int: 12    God:    Okawaru [*****.]
Gold:   244        SH:  0    Dex: 10    Spells: 1 memorised, 11 levels left

rFire  + . .     SeeInvis .     P - +4 broad axe "Twahiw" {drain, rPois rF+ rN+ MP+9 Stlth-}
rCold  . . .     Clarity  .     D - +0 plate armour
rNeg   + . .     SustAb   .     (no shield)
rPois  +         Gourm    .     (helmet restricted)
rElec  .         Spirit   .     G - +0 cloak
rCorr  .         Warding  .     q - +2 pair of gloves
rMut   .         Stasis   .     (no boots)
MR     .....                    (no amulet)
Stlth  ..........               (no ring)
                                (no ring)

@: not resistant to hostile enchantments, extremely unstealthy
A: retaliatory headbutt, horns 2
a: Heroism, Finesse, Renounce Religion


You were on level 11 of the Dungeon.
You worshipped Okawaru.
Okawaru was extremely pleased with you.
You were not hungry.

You visited 2 branches of the dungeon, and saw 12 of its levels.

You collected 774 gold pieces.
You spent 530 gold pieces at shops.

Inventory:

Hand weapons
 h - a +0 dagger of electrocution
 K - a +0 blowgun
 P - the +4 broad axe "Twahiw" (weapon) {drain, rPois rF+ rN+ MP+9 Stlth-}
   (You bought it in a shop on level 7 of the Dungeon)

   A truly terrible weapon, it drains the life of those it strikes.
   It protects you from fire.
   It protects you from poison.
   It protects you from negative energy.
   It affects your magic capacity (+9).
   It makes you less stealthy.
Missiles
 b - 244 stones (quivered)
 L - 13 poisoned needles
Armour
 q - a +2 pair of gloves (worn)
 D - a +0 plate armour (worn)
 G - a +0 cloak (worn)
Jewellery
 E - an uncursed amulet of stasis
Magical devices
 f - a wand of magic darts (19)
 i - a wand of disintegration (17)
 H - a wand of draining (7)
 J - a wand of digging (0)
Scrolls
 g - 2 scrolls of teleportation {unknown}
 j - a scroll of silence {unknown}
 k - 2 scrolls of fog {unknown}
 l - a scroll of enchant weapon {unknown}
 m - 3 scrolls of noise
 o - a scroll of torment {unknown}
 p - 2 scrolls of enchant armour
 s - 4 scrolls of blinking
 w - 4 scrolls of remove curse
 x - a scroll of immolation {unknown}
 y - a scroll of vulnerability {unknown}
 F - a scroll of recharging
 M - a scroll of magic mapping {unknown}
 S - 2 scrolls of random uselessness {unknown}
 T - a scroll of identify
Potions
 c - a potion of poison {unknown}
 e - a potion of lignification
 n - 2 potions of cancellation {unknown}
 r - 2 potions of restore abilities
 t - 5 potions of invisibility {unknown}
 u - 2 potions of magic
 z - a potion of brilliance
 A - 5 potions of heal wounds
 B - a potion of degeneration {unknown}
 C - 6 potions of curing
 I - a potion of flight {unknown}
 N - a potion of might {unknown}
 O - 2 potions of ambrosia {unknown}
 R - a potion of haste
Books
 d - a book of Geomancy

   Spells                             Type                      Level
   a - Sandblast                      Earth                        1
   b - Stoneskin                      Transmutation/Earth          2
   c - Passwall                       Transmutation/Earth          3
   d - Stone Arrow                    Conjuration/Earth            3
   e - Petrify                        Transmutation/Earth          4
   f - Lee's Rapid Deconstruction     Earth                        5
Comestibles
 a - 6 bread rations
 v - 2 meat rations
 Q - 9 royal jellies


   Skills:
 + Level 10.3 Fighting
 - Level 6.3 Short Blades
 * Level 10.3(11.8) Axes
   Level 9.8(11.6) Maces & Flails
 - Level 7.9 Armour
 - Level 2.1 Dodging
 - Level 1.5 Stealth
 - Level 1.3 Spellcasting
   Level 0.7 Transmutations
 - Level 2.4 Earth Magic


You had 11 spell levels left.
You knew the following spells:

 Your Spells              Type           Power        Failure   Level  Hunger
a - Sandblast             Erth           #.....       100%        1    ##.....


Dungeon Overview and Level Annotations

Branches:
Dungeon (11/15)            Temple (1/1) D:5            Lair (0/8) D:10
    Orc (0/4) D:9

Altars:
Ashenzari
Cheibriados
Dithmenos
Elyvilon
Fedhas
Gozag
Kikubaaqudgha
Makhleb
Okawaru
Qazlal
Sif Muna
Trog
Vehumet
Xom
Yredelemnul
The Shining One

Shops:
D:7 (


Innate Abilities, Weirdness & Mutations

You reflexively headbutt those who attack you in melee.
You have a pair of horns on your head.


Message History

You hit the white ugly thing. You drain the white ugly thing!
The white ugly thing is moderately wounded.
The white ugly thing bites you! The white ugly thing freezes you!!
You slash the white ugly thing! You drain the white ugly thing!
The white ugly thing is severely wounded.
The white ugly thing bites you but does no damage.
You hit the white ugly thing but do no damage.
The white ugly thing is severely wounded.
The white ugly thing bites you.
* * * LOW HITPOINT WARNING * * *
The white ugly thing freezes you!
* * * LOW HITPOINT WARNING * * *
Unknown command.
Read which item? (? for menu, Esc to quit)
Okay, then.
Drink which item? (? for menu, Esc to quit)
You feel much better. The white ugly thing bites you!
* * * LOW HITPOINT WARNING * * *
The white ugly thing freezes you!!
You die...

#.......#............... #
#.......#............... #
#.......####........######
#(.........#........#.....
######.....#........#.....
#.....#........####..
#.....#...........#..
#.#######G..........#..
#.....@uu...........###
#...#####.............. #.
#..............
#.....########. #..#### #.
#..# #. ....#####..# #.
...........# #.
...........# #.


You could see 2 ugly things and an eye of draining.

Vanquished Creatures
  Urug (D:10)
  Pikel (D:8)
  An ugly thing (D:10)
  Joseph (D:8)
  A centaur skeleton (D:6)
  A fire drake (D:10)
  Sonja (D:10)
  3 trolls
  A two-headed ogre (D:11)
  A wyvern (D:8)
  Eustachio (D:7)
  2 hippogriffs
  A hungry ghost (D:8)
  2 deep elf magi
  A steam dragon (D:9)
  Menkaure (D:6)
  3 sky beasts
  3 phantoms
  A black bear (D:9)
  An ice beast (D:11)
  3 orc warriors
  An eye of draining (D:10)
  A crocodile (D:8)
  A necrophage (D:6)
  4 centaurs
  4 ogres
  2 giant frogs
  6 scorpions
  3 killer bees (D:7)
  2 goliath beetles (D:6)
  6 orc priests
  A centaur zombie (D:8)
  A giant frog zombie (D:6)
  3 crimson imps
  2 giant frog skeletons (D:6)
  6 hounds
  3 jellies (D:10)
  4 iguanas
  6 worker ants
  8 orc wizards
  A hound skeleton (D:9)
  A mummy (D:8)
  A hound zombie (D:10)
  2 worker ant zombies
  10 adders
  2 giant mites
  2 worms
  An ufetubus (D:7)
  An adder zombie (D:6)
  6 giant geckos
  6 oozes
  27 orcs
  A bat skeleton (D:8)
  5 giant cockroaches
  19 hobgoblins
  5 quokkas
  10 bats
  6 giant newts
  13 goblins
  13 jackals
  A jackal zombie (D:5)
  9 kobolds
  14 rats
251 creatures vanquished.

Vanquished Creatures (others)
  A hippogriff (D:8)
  2 slaves
  A scorpion (D:10)
  An orc wizard (D:8)
5 creatures vanquished.

Grand Total: 256 creatures vanquished

Notes
Turn   | Place    | Note
--------------------------------------------------------------
     0 | D:1      | HungrySpirit, the Minotaur Earth Elementalist, began the quest for the Orb.
     0 | D:1      | Reached XP level 1. HP: 14/14 MP: 2/2
   110 | D:1      | Reached skill level 1 in Fighting
   550 | D:1      | Reached XP level 2. HP: 21/24 MP: 2/2
  1072 | D:1      | Reached skill level 1 in Maces & Flails
  1458 | D:2      | Found a shattered altar of Ashenzari.
  1485 | D:2      | Reached XP level 3. HP: 30/30 MP: 3/3
  2206 | D:3      | Reached skill level 3 in Fighting
  2473 | D:3      | Reached skill level 1 in Short Blades
  2473 | D:3      | Reached XP level 4. HP: 38/38 MP: 4/4
  2546 | D:3      | Found a glowing golden altar of the Shining One.
  2551 | D:3      | Found a white marble altar of Elyvilon.
  2554 | D:3      | Found an opulent altar of Gozag.
  2859 | D:4      | Noticed an ogre
  3348 | D:4      | Reached XP level 5. HP: 40/45 MP: 4/4
  3509 | D:4      | Noticed a phantom
  3590 | D:4      | Reached skill level 4 in Maces & Flails
  4051 | D:4      | Killed a phantom
  4051 | D:4      | Reached skill level 5 in Maces & Flails
  4051 | D:4      | Reached skill level 1 in Armour
  4051 | D:4      | Reached XP level 6. HP: 44/52 MP: 5/5
  4187 | D:5      | Entered Level 5 of the Dungeon
  4712 | D:5      | Found a staircase to the Ecumenical Temple.
  4739 | Temple   | Entered the Ecumenical Temple
  4772 | Temple   | Became a worshipper of Warmaster Okawaru
  5238 | D:5      | Reached XP level 7. HP: 56/60 MP: 6/6
  5741 | D:6      | Reached skill level 5 in Fighting
  5741 | D:6      | Reached skill level 6 in Maces & Flails
  5748 | D:6      | Found a shimmering altar of Xom.
  6184 | D:6      | Acquired Okawaru's first power
  6432 | D:6      | Noticed Menkaure
  6436 | D:6      | Killed Menkaure
  6436 | D:6      | Reached skill level 7 in Maces & Flails
  6436 | D:6      | Reached XP level 8. HP: 46/69 MP: 6/6
  6968 | D:6      | Reached skill level 8 in Maces & Flails
  7486 | D:6      | Found a bloodstained altar of Trog.
  7486 | D:6      | Found a radiant altar of Vehumet.
  7503 | D:6      | Noticed a centaur skeleton
  7515 | D:6      | Killed a centaur skeleton
  7515 | D:6      | Reached skill level 5 in Short Blades
  7515 | D:6      | Reached skill level 9 in Maces & Flails
  7515 | D:6      | Reached skill level 5 in Armour
  7515 | D:6      | Reached XP level 9. HP: 73/78 MP: 7/7
  7692 | D:7      | Noticed Eustachio
  7722 | D:7      | Killed Eustachio
  8015 | D:7      | Found Shrueboa's Weapon Shop.
  8240 | D:7      | Reached skill level 1 in Axes
  8247 | D:7      | Found a deep blue altar of Sif Muna.
  8947 | D:8      | Noticed Joseph
  8978 | D:8      | Killed Joseph
  9079 | D:8      | Noticed Pikel
  9088 | D:8      | Killed Pikel
  9204 | D:8      | Found a stormy altar of Qazlal.
  9225 | D:8      | Reached skill level 5 in Axes
  9225 | D:8      | Reached XP level 10. HP: 67/89 MP: 7/7
  9237 | D:8      | Found a blossoming altar of Fedhas.
 10027 | D:9      | Found a shadowy altar of Dithmenos.
 10121 | D:9      | Found a staircase to the Orcish Mines.
 11061 | D:9      | Found an ancient bone altar of Kikubaaqudgha.
 11061 | D:9      | Found a basalt altar of Yredelemnul.
 11302 | D:7      | Bought the +4 broad axe "Twahiw" {drain, rPois rF+ rN+ MP+9 Stlth-} for 530 gold pieces
 11357 | D:10     | Entered Level 10 of the Dungeon
 11424 | D:10     | Noticed Sonja
 11433 | D:10     | Found a staircase to the Lair.
 11569 | D:10     | Noticed Urug
 11580 | D:9      | Found a burning altar of Makhleb.
 11691 | D:10     | Killed Sonja
 11691 | D:10     | Acquired Okawaru's second power
 11712 | D:10     | Killed Urug
 11996 | D:11     | Noticed a green ugly thing
 12014 | D:10     | Killed a green ugly thing
 12014 | D:10     | Received a gift from Okawaru
 12014 | D:10     | Reached skill level 10 in Fighting
 12044 | D:11     | Reached XP level 11. HP: 77/99 MP: 8/8
 12169 | D:11     | Reached skill level 10 in Axes
 12476 | D:11     | Noticed a white ugly thing
 12481 | D:11     | Noticed a white ugly thing
 12496 | D:11     | Slain by a white ugly thing

Action                   |  1- 3 |  4- 6 |  7- 9 | 10-12 || total
-------------------------+-------+-------+-------+-------++-------
Melee: Unarmed           |    43 |       |       |     1 ||    44
       Dagger            |    64 |   166 |   354 |   172 ||   756
       Broad axe         |       |       |       |    93 ||    93
Invok: Heroism           |       |       |     5 |     4 ||     9
Evoke: Wand              |       |       |       |     1 ||     1
  Use: Scroll            |       |    10 |     3 |     1 ||    14
       Potion            |       |     3 |     1 |     1 ||     5
 Stab: Sleeping          |     1 |       |       |       ||     1
  Eat: Chunk             |     4 |     6 |     6 |     5 ||    21
       Pizza             |       |     1 |       |     2 ||     3
       Fruit             |       |     1 |     3 |       ||     4
       Beef jerky        |       |     1 |       |     1 ||     2
       Meat ration       |       |       |     1 |       ||     1
       Royal jelly       |       |       |       |     1 ||     1
